 Dungeon Crawl Stone Soup version 0.31-a0-246-g8cbcc1cb85 (webtiles) character file.

Game seed: 10499333955222528407

86 qw the Shooter (level 4, 0/26 HPs)
             Began as a Gargoyle Hexslinger on July 12, 2023.
             Slain by an iguana (9 damage)
             ... on level 3 of the Dungeon.
             The game lasted 00:00:35 (2096 turns).

qw the Shooter (Gargoyle Hexslinger)                Turns: 2096, Time: 00:00:36

Health: 0/26       AC:  7    Str: 12    XL:     4   Next: 50%
Magic:  5/5        EV: 11    Int: 13    God:
Gold:   133        SH:  0    Dex: 14    Spells: 4/5 levels left

rFire   . . .        Y - +0 arbalest
rCold   . . .        (shield currently unavailable)
rNeg    + . .        b - +0 leather armour
rPois   inf          (no helmet)
rElec   +            d - +0 cloak
rCorr   .            (no gloves)
SInv    .            (no boots)
Will    .....        (no amulet)
Stlth   +            (no ring)
HPRegen 0.24/turn    (no ring)
MPRegen 0.09/turn

%: no passive effects
@: no status effects
A: sickness immunity, AC +3, negative energy resistance 1, electricity
resistance, torment resistance 1, petrification resistance
a: no special abilities


You were on level 3 of the Dungeon.
You visited 1 branch of the dungeon, and saw 3 of its levels.

You collected 133 gold pieces.


Innate Abilities, Weirdness & Mutations

You are immune to sickness and miasma.
Your stone body is resilient. (AC +3)
You are immune to poison.
You resist negative energy. (rN+)
You are resistant to electric shocks. (rElec)
You are resistant to unholy torment.
You are immune to petrification.


   Skills:
 - Level 2.0 Fighting
 + Level 4.3 Ranged Weapons
 - Level 1.5 Dodging
 - Level 1.0 Spellcasting
 - Level 2.6 Hexes


You had 4 spell levels left.
You knew the following spells:

 Your Spells              Type           Power      Damage    Failure   Level
a - Slow                  Hex            28%        N/A       12%         1

Your spell library contained the following spells:

 Spells                   Type           Power      Damage    Failure   Level
 Inner Flame              Hex/Fire       4%         N/A       52%         3
 Portal Projectile        Hex/Tloc       8%         N/A       52%         3
 Cause Fear               Hex            3%         N/A       75%         4

Inventory:

Hand Weapons
 Y - a +0 arbalest (weapon)
Armour
 b - a +0 leather armour (worn)
 d - a +0 cloak (worn)
Scrolls
 c - 2 scrolls of blinking {unknown}
 e - 2 scrolls of teleportation
Potions
 a - a potion of invisibility {unknown}
 f - a potion of heal wounds {unknown}

Dungeon Overview and Level Annotations

Branches:
Dungeon (3/15)

Altars:
Fedhas

Shops:
D:3 ::


Message History

The ball python completely misses you.
The ball python bites you but does no damage.
The ball python grabs you. The ball python constricts you. The adder bites you.
The ball python bites you but does no damage.
The ball python constricts you. The ball python closely misses you.
The adder bites you.
You shoot a bolt. The bolt barely misses the ball python.
The bolt barely misses the goblin.
The ball python barely misses you. The ball python constricts you.
The ball python bites you. The adder completely misses you.
The ball python barely misses you. The ball python constricts you.
The ball python bites you but does no damage.
The adder closely misses you.
The ball python bites you but does no damage.
The ball python constricts you.
You shoot a bolt. The bolt hits the ball python.
The ball python is severely wounded.
The ball python bites you but does no damage.
The adder bites you but does no damage. The ball python closely misses you.
The ball python constricts you. The ball python barely misses you.
The adder bites you.
The ball python bites you but does no damage.
The ball python constricts you.
You shoot a bolt. The bolt hits the ball python.
You kill the ball python!
The adder bites you but does no damage.
The ball python bites you but does no damage.
The ball python closely misses you. The adder barely misses you.
The ball python bites you. The ball python completely misses you.
The iguana barely misses you. The ball python closely misses you.
The ball python grabs you. The ball python constricts you.
The adder bites you but does no damage.
You shoot a bolt. The bolt hits the ball python.
You kill the ball python!
The adder closely misses you.
The iguana hisses menacingly.
The iguana barely misses you. The adder closely misses you.
You shoot a bolt. The bolt closely misses the adder.
The iguana bites you! The adder bites you. The iguana bites you!
You die...

#....# #.#
#.#.## #.# #.#.#
#)# #
#.####.####
#.........#
####.####.# #.##
..
..####..#####.#
.........%@S...#
....######l#####
.# .g. '.)..
.#...#!
#########


You could see an iguana, an adder and a goblin.

Vanquished Creatures
  5 adders
  A dart slug (D:1)
  An orc (D:3)
  5 bats
  An endoplasm (D:2)
  4 hobgoblins
  A kobold (D:1)
  2 quokkas (D:1)
  4 ball pythons
  3 frilled lizards
  6 goblins
  6 rats
39 creatures vanquished.

Notes
Turn   | Place    | Note
-------+----------+-------------------------------------------
     0 | D:1      | qw the Gargoyle Hexslinger began the quest for the Orb.
     0 | D:1      | Reached XP level 1. HP: 12/12 MP: 2/2
     0 | D:1      | 0 ||| qw: Version: 0.3-a-52-g30416fa
     0 | D:1      | 0 ||| qw: Game counter: 6558
     0 | D:1      | 0 ||| qw: Melee chars always use a shield: true
     0 | D:1      | 0 ||| qw: God list: Okawaru
     0 | D:1      | 0 ||| qw: Allow faded altars: false
     0 | D:1      | 0 ||| qw: Do Orc after clearing Dungeon:15 true
     0 | D:1      | 0 ||| qw: Do second Lair branch before Depths: true
     0 | D:1      | 0 ||| qw: Lair rune preference: random
     0 | D:1      | 0 ||| qw: Goals: Normal
     0 | D:1      | 0 ||| PLANNING D:1-11
   163 | D:1      | 163 ||| FLEEEEING.
   164 | D:1      | 164 ||| FLEEEEING.
   176 | D:1      | Reached XP level 2. HP: 16/16 MP: 3/3
   279 | D:1      | Found a faded altar of an unknown god.
   410 | D:1      | 410 ||| SWAPPING to +0 arbalest.
   411 | D:1      | 411 ||| DROPPING +1 sling.
   573 | D:1      | Reached skill level 3 in Ranged Weapons
  1102 | D:1      | 1102 ||| READING scroll labelled JIOSTRA SORIY.
  1103 | D:1      | 1103 ||| READING 2 scrolls labelled YLECSO DUSOW.
  1107 | D:1      | 1107 ||| DROPPING scroll of poison.
  1128 | D:2      | Reached XP level 3. HP: 21/21 MP: 4/4
  1140 | D:2      | Found a blossoming altar of Fedhas.
  1755 | D:2      | 1755 ||| UPGRADING to +0 leather armour.
  1765 | D:2      | 1765 ||| DROPPING +0 robe.
  1766 | D:2      | 1766 ||| UPGRADING to +0 cloak.
  1771 | D:2      | 1771 ||| READING scroll labelled XIKAITONEU.
  1842 | D:3      | Found Liragulu's Vocational Training.
  1895 | D:3      | Found Raumeyt's Book Shop.
  1895 | D:3      | Noticed a walking earthen tome
  1899 | D:3      | Noticed a walking frostbound tome
  1900 | D:3      | 1900 ||| DROPPING +6 ring of intelligence.
  1910 | D:3      | Reached XP level 4. HP: 19/26 MP: 5/5
  2087 | D:3      | Reached skill level 4 in Ranged Weapons
  2096 | D:3      | Slain by an iguana

Levels and vault maps discovered:
D:1:      nzn_arrival_depleted_hourglass, layout_basic,
          hellmonk_ecumenical_altar_zigzags, minmay_fountain_box,
          lemuel_flame_loot_1
D:2:      layout_loops_ring, basic_altar, kennysheep_big_empty_room,
          nicolae_underground_beach
D:3:      minmay_thinvault, layout_loops_corners, amcnicky_altar_gilded,
          serial_shops, nicolae_shop_mannequins, kennysheep_doodads,
          hangedman_decor_clover_reticule, nicolae_shop_vocational

Skill      XL: |  1  2  3  4 |
---------------+-------------+-----
Ranged Weapons | 3 4 |  4.3
Fighting       | 2 |  2.0
Dodging        | |  1.5
Spellcasting   | |  1.0
Hexes          | |  2.6

Action                     |  1- 3 |  4- 6 || total
---------------------------+-------+-------++-------
   Fire: Sling             |    30 |       ||    30
         Arbalest          |    50 |    24 ||    74
    Use: Scroll            |     3 |       ||     3
 Armour: Robe              |     7 |       ||     7
         Leather armour    |     4 |    27 ||    31
  Dodge: Dodged            |    25 |    37 ||    62

Table legend:
 A = Non-vault XP
 B = Vault XP
 C = Vault XP percentage of total XP
 D = Non-vault monster count
 E = Vault monster count
 F = Vault count percentage of total count
                 A         B        C        D         E       F
            +---------+---------+-------+---------+---------+-------
      Total |      87 |      37 |  29.8 |      32 |       7 |  17.9
            +---------+---------+-------+---------+---------+-------
        D:1 |      21 |       0 |   0.0 |      11 |       0 |   0.0
        D:2 |      30 |       0 |   0.0 |      14 |       0 |   0.0
        D:3 |      36 |      37 |  50.7 |       7 |       7 |  50.0
            +---------+---------+-------+---------+---------+-------
